 Dungeon Crawl Stone Soup version 0.26-a0-249-g7253cd193c (webtiles) character file.

Game seed: 12258662653712363399

195 Flugkiller the Digger (level 5, -4/38 HPs)
             Began as a Draconian Earth Elementalist on July 8, 2020.
             Slain by a gnoll
             ... wielding a +0 club
              (7 damage)
             ... on level 3 of the Dungeon.
             The game lasted 00:05:20 (567 turns).

Flugkiller the Digger (Draconian Earth Elementalist) Turns: 567, Time: 00:05:21

Health: -4/38      AC:  5    Str: 10    XL:     5   Next: 45%
Magic:  5/9        EV:  6    Int: 16    God:
Gold:   39         SH:  0    Dex: 12    Spells: 7/10 levels left

rFire    . . .     SeeInvis .   e - +0 quarterstaff
rCold    . . .     Faith    .   (shield currently unavailable)
rNeg     . . .     Spirit   .   (armour unavailable)
rPois    .         Reflect  .   (helmet restricted)
rElec    .         Harm     .   (no cloak)
rCorr    .                      (no gloves)
MR       .....                  (no boots)
Stlth    ++........             (no amulet)
HPRegen  0.12/turn              (no ring)
MPRegen  0.11/turn              (no ring)

@: held
A: unfitting armour, cold-blooded, AC +5
a: no special abilities


You were on level 3 of the Dungeon.
You were not hungry.

You visited 1 branch of the dungeon, and saw 3 of its levels.

You collected 39 gold pieces.

Inventory:

Hand Weapons
 e - a +0 quarterstaff (weapon)
   (You took it off a kobold on level 2 of the Dungeon)
Missiles
 b - a stone (quivered)
Scrolls
 d - 2 scrolls of identify {unknown}
 g - a scroll of enchant weapon {unknown}
 h - a scroll of teleportation {unknown}
Potions
 a - 2 potions of curing
 f - a potion of might {unknown}
 i - a potion of heal wounds {unknown}
Comestibles
 c - 5 rations


   Skills:
 - Level 1.7 Dodging
 - Level 1.7 Stealth
 - Level 3.0 Spellcasting
 - Level 1.0 Transmutations
 * Level 5.7 Earth Magic


You had 7 spell levels left.
You knew the following spells:

 Your Spells              Type           Power        Failure   Level
a - Sandblast             Erth           ###...       1%          1
w - Passwall              Tmut/Erth      ##......     7%          2

Your spell library contained the following spells:

 Spells                   Type           Power        Failure   Level
 Stone Arrow              Conj/Erth      ##....       17%         3
 Petrify                  Tmut/Erth      ##......     43%         4
 Lee's Rapid Deconstruct  Erth           ###.......   45%         5


Dungeon Overview and Level Annotations

Branches:
Dungeon (3/15)

Altars:
Makhleb


Innate Abilities, Weirdness & Mutations

Your plain brown scales are hard. (AC +5)
You cannot fit into any form of body armour.
You are cold-blooded and may be slowed by cold attacks.


Message History

The frilled lizard is heavily wounded.
The frilled lizard bites you.
* * * LOW HITPOINT WARNING * * *
You hit the frilled lizard.
You kill the frilled lizard!
Items here: )) [ †† a +0 dagger; a +0 robe; a +0 flail; a frilled lizard corpse; an orc corpse You see here a +0 mace.
Things that are here:
a +0 dagger; a goblin corpse Your magical contamination has completely faded away.
You open the door.
A gnoll and an orc come into view.
The gnoll shouts!
The orc shouts!
You hear a shout!
A gnoll comes into view. It is wielding a +0 club.
The gnoll moves out of view.
Found 14 sling bullets and a scale mail.
A frilled lizard, a gnoll and a gnoll shaman come into view.
The gnoll is wielding a +1 whip of venom.
The gnoll shaman shouts!
The gnoll shouts!
The frilled lizard hisses angrily.
The gnoll shouts!
Found 9 gold pieces.
There is an open door here.
The gnoll throws a throwing net.
The throwing net hits you.
You become entangled in the net!
You see here a throwing net.
You struggle against the net.
You struggle against the net.
The gnoll shaman calls upon its god to speed up something.
You struggle against the net.
The gnoll barely misses you. x2
You struggle against the net.
The gnoll hits you from afar with a +0 spear.
* * * LOW HITPOINT WARNING * * *
The gnoll hits you with a +0 club.
* * * LOW HITPOINT WARNING * * *
Unknown command.
It was a potion of curing.
You feel better.
The gnoll hits you from afar with a +0 spear.
* * * LOW HITPOINT WARNING * * *
The gnoll hits you from afar with a +0 spear.
* * * LOW HITPOINT WARNING * * *
You rip the net and break free!
The gnoll closely misses you. The gnoll hits you with a +0 club.
* * * LOW HITPOINT WARNING * * *
The gnoll throws a throwing net.
The throwing net hits you.
You become entangled in the net!
You see here a throwing net.
You struggle against the net.
You struggle against the net.
The gnoll hits you with a +0 club!
You die...

.## #......... ≈≈≈≈≈≈≈ ..
#.##......... ≈≈≈≈≈≈≈ #.#
#.##......... ≈≈≈≈≈≈. ..
#.##......... ≈≈≈≈≈≈.
#.###.##......... $≈≈.[..
#..##.##......... ..(....
#.##.##.........
......l####..#.##........)
......gog@................
#....gg#####.#.#..........
#...... #...#.#.#######
#....g. ##..#.#.# #....g.
#..#.#.# ....... #..#.#.#
.....l. ##.#.#.# .......
#.#....


You could see a gnoll shaman, 3 gnolls, an orc and a frilled lizard.

Vanquished Creatures
  An ogre (D:3)
  A hound (D:2)
  An orc wizard (D:3)
  An adder (D:2)
  A worm (D:2)
  3 dart slugs
  A leopard gecko (D:1)
  2 orcs (D:3)
  3 giant cockroaches
  2 goblins
  4 hobgoblins
  3 kobolds
  5 bats
  5 frilled lizards
  3 rats
36 creatures vanquished.

Notes
Turn   | Place    | Note
-------+----------+-------------------------------------------
     0 | D:1      | Flugkiller the Draconian Earth Elementalist began the quest
                  | for the Orb.
     0 | D:1      | Reached XP level 1. HP: 14/14 MP: 3/3
    55 | D:2      | Noticed an orc warrior
   116 | D:1      | Reached XP level 2. HP: 20/20 MP: 1/5
   288 | D:1      | Learned a level 2 spell: Passwall
   320 | D:2      | Reached XP level 3. HP: 25/26 MP: 3/6
   366 | D:2      | Reached skill level 4 in Earth Magic
   395 | D:2      | Found a burning altar of Makhleb.
   403 | D:2      | Reached XP level 4. HP: 16/33 MP: 1/8
   497 | D:3      | Noticed an ogre
   501 | D:3      | Killed an ogre
   501 | D:3      | Reached skill level 5 in Earth Magic
   501 | D:3      | Reached XP level 5. HP: 26/38 MP: 4/9
   567 | D:3      | Slain by a gnoll

Illustrated notes

Levels and vault maps discovered:
D:1:      minmay_arrival_solitary_statue, layout_rooms
D:2:      cheibrodos_pilgrimage, layout_basic, makhleb_heckhound_becter,
          kennysheep_pointless_box, kennysheep_crisscross
D:3:      gammafunk_steamed_eel, layout_basic, first_ration,
          gammafunk_ghost_smash, guppyfry_early_lair_pool, uniq_grinder,
          uniq_sigmund

Skill      XL: |  1  2  3  4 |
---------------+-------------+-----
Earth Magic    | 4 5 |  5.7
Spellcasting   | 3 |  3.0
Dodging        | |  1.7
Stealth        | |  1.7
Transmutations | |  1.0

Action                   |  1- 3 |  4- 6 || total
-------------------------+-------+-------++-------
Melee: Unarmed           |    35 |       ||    35
       Tailslap          |     5 |     4 ||     9
       Quarterstaff      |     4 |    17 ||    21
 Cast: Sandblast         |    27 |    15 ||    42
  Use: Potion            |       |     1 ||     1
 Stab: Sleeping          |       |     1 ||     1
Armor: Skin              |    35 |     2 ||    37
Dodge: Dodged            |    54 |    17 ||    71

Table legend:
 A = Non-vault XP
 B = Vault XP
 C = Vault XP percentage of total XP
 D = Non-vault monster count
 E = Vault monster count
 F = Vault count percentage of total count
                 A         B        C        D         E       F
            +---------+---------+-------+---------+---------+-------
      Total |     236 |      43 |  15.4 |      35 |       1 |   2.8
            +---------+---------+-------+---------+---------+-------
        D:1 |      27 |       0 |   0.0 |      13 |       0 |   0.0
        D:2 |      42 |      43 |  50.6 |      16 |       1 |   5.9
        D:3 |     167 |       0 |   0.0 |       6 |       0 |   0.0
            +---------+---------+-------+---------+---------+-------
